 Dungeon Crawl Stone Soup version 0.20.1-1-g8b1a95d (webtiles) character file.

306 Monsterracer the Insei (level 6, -8/38 HPs)
             Began as an Octopode Transmuter on July 6, 2017.
             Mangled by an ogre
             ... wielding a +0 giant club
              (20 damage)
             ... on level 4 of the Dungeon.
             The game lasted 00:05:38 (2930 turns).

Monsterracer the Insei (Octopode Transmuter)        Turns: 2930, Time: 00:05:39

Health: -8/38      AC:  2    Str:  9    XL:     6   Next: 39%
Magic:  7/10       EV: 20    Int: 17    God:
Gold:   205        SH:  0    Dex: 18    Spells: 1/11 levels left

rFire    . . .     SeeInvis .     - Unarmed
rCold    . . .     Gourm    .   (shield currently unavailable)
rNeg     . . .     Faith    .   (helmet currently unavailable)
rPois    x         Spirit   .   (no amulet)
rElec    .         Reflect  .   (no ring)
rCorr    .         Harm     .   (no ring)
MR       .....                  (no ring)
Stlth    ++........             (no ring)
Regen    0.2/turn               (no ring)
MPRegen  0.2/turn               (no ring)
                                (no ring)
                                (no ring)

@: spider-form
A: almost no armour, stealthy swim, (amphibious), 8 rings, (constrict 8)
a: End Transformation


You were on level 4 of the Dungeon.
You were very hungry.
You were a venomous arachnid creature.
You visited 1 branch of the dungeon, and saw 4 of its levels.

You collected 205 gold pieces.

Inventory:

Missiles
 a - 38 arrows
Scrolls
 d - 2 scrolls of random uselessness {unknown}
 e - 2 scrolls of blinking {unknown}
 g - 4 scrolls of identify {unknown}
 h - a scroll of fear {unknown}
 i - a scroll of teleportation {unknown}
 j - 2 scrolls of remove curse {unknown}
 k - a scroll of fog {unknown}
 l - a scroll of enchant armour {unknown}
 m - 2 scrolls of immolation {unknown}
Books
 b - a book of Changes

   Spells                             Type                      Level
   a - Beastly Appendage              Transmutation                1
   b - Sticks to Snakes               Transmutation                2
   c - Spider Form                    Transmutation/Poison         3
   d - Ice Form                       Ice/Transmutation            4
   e - Blade Hands                    Transmutation                5
Comestibles
 c - 2 bread rations
 f - 2 meat rations


   Skills:
 - Level 1.0 Fighting
 - Level 2.0 Dodging
 * Level 5.3 Unarmed Combat
 - Level 3.0 Spellcasting
 + Level 3.6 Transmutations
 + Level 1.7 Ice Magic


You had one spell level left.
You knew the following spells:

 Your Spells              Type           Power        Failure   Level  Hunger
a - Beastly Appendage     Tmut           ##....       13%         1    None
b - Sticks to Snakes      Tmut           ##......     17%         2    ##.....
c - Spider Form           Tmut/Pois      #.........   47%         3    ###....
d - Ice Form              Ice/Tmut       ##......     73%         4    ####...


Dungeon Overview and Level Annotations

Branches:
Dungeon (4/15)
 Temple: D:4-7

Altars:
Makhleb


Innate Abilities, Weirdness & Mutations

You cannot wear most types of armour.
You are very stealthy in the water. (Stealth+)
((You are amphibious.))
You can wear up to eight rings at the same time.
((You can use your tentacles to constrict eight enemies at once.))
((Your skin changes colour to match your surroundings (Stealth+).))
((Your rubbery body absorbs attacks. (AC +1, EV +1)))


Message History

Found a hat.
An ogre comes into view. It is wielding a giant club.
Casting: Spider Form
Confirm with . or Enter, or press ? or * to list all spells.
You turn into a venomous arachnid creature.
The ogre shouts!
The ogre hits you with a giant club!!
Ouch! That really hurt!
* * * LOW HITPOINT WARNING * * *
Huge Dmg: -68%(-26hp) hp: 32%(12hp)
You hit the ogre.
The ogre is lightly wounded.
The ogre closely misses you.
You hit the ogre but do no damage.
The ogre is poisoned.
The ogre is lightly wounded.
You bite the ogre!
The ogre looks as sick as possible!
The ogre is heavily wounded.
The ogre hits you with a giant club!!
Ouch! That really hurt!
You die...

###....### ###....####
# ######.....#####
##...####.....##.
#......####......
########.......#
###...#
......#........## ##.##
................#####.#
#..Os..............#
####..............##
#..............#
##...[........##
##....#####..# ######
##.# #.# ###


You could see an ogre.

Vanquished Creatures
  Eustachio (D:4)
  A hound (D:2)
  A gnoll (D:1)
  5 adders
  An adder skeleton (D:4)
  3 worms
  A dart slug (D:2)
  2 orcs
  3 ball pythons
  9 bats
  A giant cockroach (D:2)
  7 goblins
  9 hobgoblins
  6 jackals
  A quokka (D:2)
  4 frilled lizards
  12 kobolds
  7 rats
74 creatures vanquished.

Vanquished Creatures (collateral kills)
  A leopard gecko (D:2)
1 creature vanquished.

Grand Total: 75 creatures vanquished

Notes
Turn   | Place    | Note
-------+----------+-------------------------------------------
     0 | D:1      | Monsterracer the Octopode Transmuter began the quest for the Orb.
     0 | D:1      | Reached XP level 1. HP: 13/13 MP: 3/3
   133 | D:1      | Reached XP level 2. HP: 18/18 MP: 3/5
   137 | D:1      | Learned a level 2 spell: Sticks to Snakes
   592 | D:2      | Reached XP level 3. HP: 18/23 MP: 2/6
   597 | D:2      | Learned a level 3 spell: Spider Form
   999 | D:1      | Reached skill level 4 in Unarmed Combat
   999 | D:1      | Reached XP level 4. HP: 25/28 MP: 6/8
  1346 | D:2      | Found a burning altar of Makhleb.
  1480 | D:2      | Reached XP level 5. HP: 31/33 MP: 9/9
  1648 | D:2      | Learned a level 4 spell: Ice Form
  2712 | D:4      | Noticed Eustachio
  2726 | D:4      | Killed Eustachio
  2726 | D:4      | Reached skill level 5 in Unarmed Combat
  2726 | D:4      | Reached skill level 1 in Ice Magic
  2726 | D:4      | Reached XP level 6. HP: 31/38 MP: 7/10
  2930 | D:4      | Mangled by an ogre

Skill      XL: |  1  2  3  4  5 |
---------------+----------------+-----
Unarmed Combat | 4 5 |  5.3
Spellcasting   | 3 |  3.0
Transmutations | 3 |  3.6
Ice Magic      | 1 |  1.7
Fighting       | |  1.0
Dodging        | |  2.0

Action                   |  1- 3 |  4- 6 || total
-------------------------+-------+-------++-------
Melee: Unarmed           |    64 |   110 ||   174
       Constrict         |    20 |    20 ||    40
       Tentacles         |    14 |     7 ||    21
       Kick              |     7 |     2 ||     9
       Punch             |       |     2 ||     2
 Cast: Beastly Appendage |     7 |     2 ||     9
       Sticks to Snakes  |     2 |     2 ||     4
       Spider Form       |     2 |     3 ||     5
  Use: Potion            |     1 |     4 ||     5
 Stab: Sleeping          |     1 |     4 ||     5
       Distracted        |       |     1 ||     1
  Eat: Chunk             |     1 |     5 ||     6
Armor: Skin              |     4 |     8 ||    12
Dodge: Dodged            |    57 |    86 ||   143
